 Dungeon Crawl Stone Soup version 0.30.0-5-g1a98f26d00 (webtiles) character file.

Game seed: 3431219668075216098

7469 seandewar5 the Thaumaturge (level 11, -1/85 HPs)
             Began as a Djinni Fire Elementalist on May 9, 2023.
             Killed from afar by a rime drake (38 damage)
             ... with an icy flash freeze
             ... on level 8 of the Dungeon on May 10, 2023.
             The game lasted 00:54:44 (10311 turns).

seandewar5 the Thaumaturge (DjFE)                  Turns: 10311, Time: 00:54:44

Health: -1/85      AC:  7    Str:  9    XL:     11   Next: 37%
Gold:   361        EV: 12    Int: 26    God:
                   SH:  5    Dex: 16

rFire   + + +        f - staff of conjuration "Buizua" {rPois Str+2 Int+5}
rCold   x . .        B - +0 buckler
rNeg    . . .        a - +0 robe
rPois   ∞            b - +0 hat
rElec   .            e - scarf {repulsion}
rCorr   +            E - +0 pair of gloves
SInv    .            (boots unavailable)
Will    ++...        (no amulet)
Stlth   ++           v - ring of willpower
HPRegen 0.34/turn    m - ring "Nihyam" {rF+ rCorr AC+4 Dex+2}
MPRegen 0.00/turn

%: repel missiles, infuse magic (-2 HP)
@: flying
A: sickness immunity, fire resistance 2, cold vulnerability 1, float, innate
caster, HP casting, extra vitality 1
a: no special abilities


You were on level 8 of the Dungeon.
You visited 2 branches of the dungeon, and saw 9 of its levels.
You also visited: Sewer.

You collected 459 gold pieces.
You spent 98 gold pieces at shops.

Inventory:

Missiles
 l - 2 atropa-tipped darts
 y - 11 poisoned darts
Armour
 a - a +0 robe (worn)
 b - a +0 hat (worn)
 e - a scarf of repulsion (worn)
 B - a +0 buckler (worn)
 D - a +0 cloak
 E - a +0 pair of gloves (worn)
Magical Staves
 f - the staff of conjuration "Buizua" (weapon) {rPois Str+2 Int+5}
   (You took it off Jessica on level 2 of the Dungeon)

   [staff of conjuration]

   Your inability to study Conjurations prevents you from drawing on the full
   power of this staff in melee.
   Base accuracy: +5 Base damage: 5 Base attack delay: 1.2 This weapon's minimum
   attack delay (0.6) is reached at skill level 12.
   Str:       It affects your strength (+2).
   Int:       It affects your intelligence (+5).
   rPois:     It protects you from poison.
   It falls into the 'Staves' category.
   It is a one-handed weapon.
Jewellery
 c - a ring of wizardry
 g - a +6 ring of dexterity
 k - an amulet of faith
 m - the ring "Nihyam" (right hand) {rF+ rCorr AC+4 Dex+2}
   (You found it on level 3 of the Dungeon)

   [ring of protection]

   AC:        It affects your AC (+4).
   Dex:       It affects your dexterity (+2).
   rF:        It protects you from fire.
   rCorr:     It protects you from acid and corrosion.
 v - a ring of willpower (left hand)
 F - a +6 ring of dexterity
Wands
 G - a wand of charming (5)
 K - a wand of iceblast (12)
Scrolls
 h - 3 scrolls of teleportation
 i - a scroll of butterflies {unknown}
 j - a scroll of magic mapping
 n - a scroll of poison {unknown}
 t - a scroll of fear {unknown}
 C - a scroll of enchant weapon {unknown}
 H - a scroll of fog {unknown}
 J - a scroll of vulnerability {unknown}
Potions
 d - a potion of resistance
 o - 5 potions of mutation
 p - 6 potions of curing
 q - 3 potions of haste
 r - 4 potions of attraction {unknown}
 s - a potion of cancellation {unknown}
 u - a potion of degeneration {unknown}
 w - 4 potions of might
 x - 2 potions of brilliance {unknown}
 z - 2 potions of magic {unknown}
 A - a potion of lignification {unknown}
 I - 4 potions of ambrosia {unknown}


   Skills:
 + Level 9.8 Fighting
 - Level 2.1 Dodging
 - Level 1.5 Stealth
 - Level 5.0 Shields
 * Level 10.2 Spellcasting


You knew the following spells:

 Your Spells              Type           Power      Damage    Failure   Level
a - Foxfire               Conj/Fire      100%       2x1d9     1%          1
b - Scorch                Fire           100%       2d9       1%          2
c - Inner Flame           Hex/Fire       61%        N/A       1%          3
d - Volatile Blastmotes   Fire/Tloc      100%       2d18      1%          3
e - Flame Wave            Conj/Fire      79%        2d17      1%          4
g - Call Imp              Summ           100%       N/A       1%          2
h - Airstrike             Air            30%        2d(5-21)  1%          4
p - Passwall              Tmut/Erth      50%        N/A       1%          2
x - Dispel Undead         Necr           61%        3d21      1%          4
z - Kiss of Death         Conj/Necr      100%       2d13      1%          1
Your spell library was empty.

Dungeon Overview and Level Annotations

Branches:
Dungeon (8/15)             Temple (1/1) D:4            Lair (0/5) D:8
  Sewer (visited)

Altars:
Cheibriados
Dithmenos
Elyvilon
Fedhas
Gozag
Hepliaklqana
Makhleb
Nemelex Xobeh
Okawaru
Qazlal
Ru
Trog
Uskayaw
Xom
Yredelemnul
Zin
The Shining One

Shops:
D:5 [

Annotations:
D:3 2 runed translucent doors
D:4 3 runed translucent doors, rlgrobin's ghost, amateur HOFi


Innate Abilities, Weirdness & Mutations

You are immune to sickness and miasma.
You are immune to poison.
Your flesh is very heat resistant. (rF++)
You are vulnerable to cold. (rC-)
You float through the air rather than walking.
You learn spells naturally, not from books.
Your magical power is your life essence.
You have superior vitality. (+4 MHP)


Message History

* * * LOW HITPOINT WARNING * * *
You are knocked back by the blast.
Casting: Volatile Blastmotes (safe; 1% risk of failure)
Confirm with . or Enter, or press ? or * to list all spells.
A cloud of volatile blastmotes flares up around you!
* * * LOW HITPOINT WARNING * * *
Things that are here:
a +0 short sword; 2 boomerangs; a +0 robe You see here an acid dragon corpse.
Casting: Volatile Blastmotes (safe; 1% risk of failure)
Confirm with . or Enter, or press ? or * to list all spells.
A cloud of volatile blastmotes flares up around you!
* * * LOW HITPOINT WARNING * * *
The cloud of blastmotes explodes!
The concussive blast engulfs the yak!
The yak is moderately wounded.
The cloud of blastmotes explodes!
The concussive blast engulfs the yak!
The yak is severely wounded.
You hear a shout!
Casting: Volatile Blastmotes (safe; 1% risk of failure)
Confirm with . or Enter, or press ? or * to list all spells.
A cloud of volatile blastmotes flares up around you!
* * * LOW HITPOINT WARNING * * *
The yak attacks as you move away! The yak gores you.
* * * LOW HITPOINT WARNING * * *
The cloud of blastmotes explodes!
The concussive blast engulfs the yak!!
You kill the yak!
The concussive blast engulfs you. You resist.
* * * LOW HITPOINT WARNING * * *
You are knocked back by the blast.
You hear a shout! x2
Casting: Volatile Blastmotes (safe; 1% risk of failure)
Confirm with . or Enter, or press ? or * to list all spells.
A cloud of volatile blastmotes flares up around you!
* * * LOW HITPOINT WARNING * * *
The rime drake attacks as you move away!
The rime drake bites you.
* * * LOW HITPOINT WARNING * * *
The rime drake breathes ice at you. The icy flash freeze hits you!!!
You feel a painful chill!
You die...

#.#........(......#
#####.#########.....####
#.....# ###.....)...
#.##### #..†....####
##.#...# #.#####..#
#......#######....###...#
####.###.k.#....#.# ##..
#.# #§#.#.#.##.#######
#.# #@#†#.#....#.....#
#)# #.#k#.####[#.###.#
#.###.#†#.#........#.#
#.#...#o#.##.###.#.#.#
#.#...#.#......#.#.#..
#.#...#.#....#.#.#.###
#.....#.##§#.Yz#.#....
###...#.#....#<#.####.
#...#.######.#......


You could see a rime drake (catching breath).

Vanquished Creatures
  A two-headed ogre (D:7)
  Maurice (D:8)
  A rust devil (D:7)
  A polar bear (D:8)
  A hornet (D:7)
  Grinder (D:4)
  Prince Ribbit (D:7)
  5 yaks (D:8)
  A vampire mosquito (D:8)
  Menkaure (D:7)
  An acid dragon (D:8)
  2 water moccasins
  4 orc warriors
  3 sky beasts
  2 black bears
  5 ice beasts
  3 ogres
  2 wolves (D:8)
  5 centaurs
  A phantom (D:6)
  A kobold brigand (Sewer)
  2 bullfrogs (D:6)
  5 scorpions
  4 wights (D:8)
  3 killer bees (D:7)
  2 howler monkeys
  2 quasits (Sewer)
  2 orc priests
  8 hounds
  3 jellies
  Jessica (D:2)
  10 iguanas
  2 sleepcaps (D:7)
  3 orc wizards
  5 adders
  4 shadow imps (Sewer)
  6 white imps
  6 ufetubi
  2 worms
  3 dart slugs
  20 orcs
  A bat zombie (Sewer)
  10 endoplasms
  7 giant cockroaches
  3 goblins
  6 hobgoblins
  6 jackals
  4 quokkas
  8 ball pythons
  7 bats
  2 frilled lizards
  2 giant cockroach zombies (Sewer)
  14 kobolds
  A kobold zombie (Sewer)
  A rat (D:2)
208 creatures vanquished.

Vanquished Creatures (collateral kills)
  A foxfire (D:2)
1 creature vanquished.

Vanquished Creatures (others)
  613 foxfires
613 creatures vanquished.

Grand Total: 822 creatures vanquished

Notes
Turn   | Place    | Note
-------+----------+-------------------------------------------
     0 | D:1      | seandewar5 the Djinni Fire Elementalist began the quest for
                  | the Orb.
     0 | D:1      | seandewar5 set off with the following spells memorised:
                  | Foxfire, Scorch, Volatile Blastmotes, Inner Flame, Flame
                  | Wave.
     0 | D:1      | Reached XP level 1. HP: 15/15 MP: 0/0
   106 | D:1      | Reached skill level 1 in Fighting
   106 | D:1      | Reached XP level 2. HP: 20/22 MP: 0/0
   364 | D:1      | Found a faded altar of an unknown god.
   637 | D:2      | Reached XP level 3. HP: 24/27 MP: 0/0
   637 | D:2      | Learned a level 1 spell: Kiss of Death
   889 | D:2      | Reached skill level 3 in Spellcasting
   913 | D:2      | Reached XP level 4. HP: 30/33 MP: 0/0
   914 | D:2      | Identified the staff of conjuration "Buizua" {rPois Str+2
                  | Int+5}
   914 | D:2      | Noticed Jessica
   923 | D:2      | Killed Jessica
   988 | D:2      | wtf that staff is so good
  1032 | D:2      | unfortunately, djinni can't study conj :(
  1345 | D:2      | Reached XP level 5. HP: 37/40 MP: 0/0
  1345 | D:2      | Learned a level 2 spell: Passwall
  1616 | D:3      | Identified the ring "Nihyam" {rF+ rCorr AC+4 Dex+2}
  1618 | D:3      | woooow
  1618 | D:3      | thats a good ring
  2038 | D:3      | Found a large runed translucent door.
  2039 | D:3      | Found a large runed translucent door.
  2105 | D:4      | Noticed an ogre
  2111 | D:4      | Killed an ogre
  2112 | D:4      | Reached XP level 6. HP: 40/47 MP: 0/0
  2152 | D:4      | Reached skill level 4 in Spellcasting
  2409 | D:4      | Noticed Grinder
  2426 | D:4      | Killed Grinder
  2427 | D:4      | Reached XP level 7. HP: 43/53 MP: 0/0
  2427 | D:4      | Learned a level 2 spell: Call Imp
  2524 | D:4      | Reached skill level 5 in Fighting
  2721 | D:4      | Found a runed translucent gate.
  2721 | D:4      | Noticed rlgrobin's ghost (amateur HOFi)
  2722 | D:4      | Found a runed translucent gate.
  2754 | D:4      | Found a runed translucent gate.
  2804 | D:4      | Found a staircase to the Ecumenical Temple.
  2813 | Temple   | Entered the Ecumenical Temple
  3379 | D:5      | Entered Level 5 of the Dungeon
  3430 | D:5      | Found a glowing silver altar of Zin.
  3475 | D:5      | Found a glowing drain.
  3482 | D:5      | Reached skill level 5 in Spellcasting
  3527 | Sewer    | Entered a sewer
  3586 | Sewer    | Reached XP level 8. HP: 57/60 MP: 0/0
  3671 | Sewer    | Found a burning altar of Makhleb.
  4458 | D:5      | Found Jeeteura's Armour Boutique.
  4470 | D:5      | Reached skill level 6 in Spellcasting
  4494 | D:5      | Bought a +0 cloak for 49 gold pieces
  4494 | D:5      | Bought a +0 pair of gloves for 49 gold pieces
  4795 | D:5      | Reached skill level 1 in Shields
  5028 | D:5      | Reached XP level 9. HP: 61/67 MP: 0/0
  5028 | D:5      | Learned a level 4 spell: Airstrike
  5690 | D:6      | Reached skill level 7 in Spellcasting
  6505 | D:7      | Noticed Menkaure
  6509 | D:7      | Killed Menkaure
  6542 | D:7      | Noticed a hornet
  6548 | D:7      | Killed a hornet
  6549 | D:7      | Reached XP level 10. HP: 64/76 MP: 0/0
  6617 | D:7      | Noticed Prince Ribbit
  6620 | D:7      | Killed Prince Ribbit
  6707 | D:7      | Reached skill level 8 in Spellcasting
  6838 | D:7      | Noticed a two-headed ogre
  7285 | D:7      | Reached skill level 5 in Shields
  7371 | D:7      | Killed a two-headed ogre
  8312 | D:8      | Reached skill level 9 in Spellcasting
  8657 | D:7      | Noticed a rust devil
  8658 | D:7      | Noticed a rust devil
  8669 | D:8      | Found a staircase to the Lair.
  8671 | D:8      | Noticed a rime drake
  8812 | D:8      | Noticed a centaur warrior
  8988 | D:8      | Reached XP level 11. HP: 63/84 MP: 0/0
  8988 | D:8      | Learned a level 4 spell: Dispel Undead
  9996 | D:8      | Noticed Maurice
 10004 | D:8      | Killed Maurice
 10133 | D:8      | Reached skill level 10 in Spellcasting
 10311 | D:8      | Killed from afar by a rime drake

Illustrated notes

#.#.#P# #....# ..#
#b#.#.# #....# ...#
#.#.#.# ....##...##.
#b#.#P# #..........
#P#.#.# ##....#.......
#P#.#P# #.[.....†##...
###.#####..........?..
#..#.#.#.....).#.#..
#####.........@.>.....
#.......#.....†..)....
#.......#####.##.#....
#....[..# #..."# ...
######..# #....+ ..
.... ###### #.....
#..... #..#..#


Turn 988 on D:2: wtf that staff is so good ......# #..#...∩...#
......########..#.......# ......'......'..#.......# .####.##<#####..##.....## .#
#.##.# ########### .# ####.# .r .#b #.# .# .#P#####.# ####.#### .#.##....#
#..@....# .#.####### #.####### .#.# #.# .### #.# . ##########.#### .##
#............># ..# ####....#### ..# #.##.# ..# #######.##.# Turn 1032 on D:2:
unfortunately, djinni can't study conj :( ### ## #. #...(. #.# #.##.# ##
###.######.##.# .. ..... (....##.##.# .)... ...##... .##.######.##.#
.##...........#######..# .##..#####...<..@......# .#...#####.##.#.......>.
.).#............#####.## .................. .###.#.#.####.#### .###...#.# #.#
<....#.#. #.# ####(#.# #.# .....#.#.### Turn 1618 on D:3: woooow

Levels and vault maps discovered:
D:1:      scummos_arrival_checkerplants, layout_basic,
          ebering_ecumenical_altar_sacrificial
D:2:      layout_basic, serial_aquarium, aquarium_bridge_square
          [aquarium_subvault_wall, aquarium_subvault_bridge,
          aquarium_subvault_window, aquarium_subvault_bridge],
          aquarium_bridge_square [aquarium_subvault_bridge,
          aquarium_subvault_window, aquarium_subvault_bridge,
          aquarium_subvault_window], aquarium_window_corner, aquarium_window_2,
          aquarium_view_2d, aquarium_view_2f, aquarium_balcony_3b,
          aquarium_pool_2, kennysheep_another_room, kennysheep_flooded_box,
          grunt_ministairs_12, minmay_tromino_v4_b, uniq_jessica
D:3:      layout_loops_ring, jmf_multi_god_temple2, dk_vineyard_3
D:4:      layout_cave_pods, overflow_temple_1_default,
          minmay_temple_entry_drinking_statues, gammafunk_ghost_split,
          uniq_grinder
D:5:      layout_loops_ring, nicolae_overflow_crystal_walls,
          portal_sewer_entry_a, serial_shops, nicolae_square_shop
D:6:      layout_gridville, minmay_joined_circles
D:7:      cheibrodos_iron_armory, layout_loops_ring, grunt_potential,
          uniq_prince_ribbit1, uniq_menkaure
D:8:      layout_basic, hellmonk_lair_entry_icy, minmay_small_thing,
          uniq_maurice
Temple:   nicolae_temple_bog_church

Skill      XL: |  1  2  3  4  5  6  7  8  9 10 11 |
---------------+----------------------------------+-----
Fighting       | 1 2 3 4 5 6 7 9 |  9.8
Spellcasting   | 3 4 5 6 7 9 10 | 10.2
Shields        | 1 4 5 |  5.0
Dodging        | |  2.1
Stealth        | |  1.5

Action                     |  1- 3 |  4- 6 |  7- 9 | 10-12 || total
---------------------------+-------+-------+-------+-------++-------
  Melee: Unarmed           |    10 |       |       |       ||    10
         Staff             |       |    18 |       |     1 ||    19
  Throw: Dart              |       |       |     2 |       ||     2
   Cast: Foxfire           |    42 |    66 |   203 |    62 ||   373
         Scorch            |     1 |     7 |    31 |    31 ||    70
         Volatile Blastmot |       |     2 |     3 |    80 ||    85
         Flame Wave        |       |       |       |     3 ||     3
         Airstrike         |       |       |       |     7 ||     7
    Use: Scroll            |       |       |     7 |     7 ||    14
         Potion            |       |       |       |     3 ||     3
 Armour: Robe              |     8 |     9 |    19 |    10 ||    46
  Dodge: Dodged            |    11 |    23 |    42 |    58 ||   134
         Repelled          |       |       |       |     2 ||     2
  Block: Buckler           |       |       |       |    21 ||    21
